PBF
PAPEETE BLACK PEARLS @ SUVA RED SOX
05/17/2065
 
TOP OF THE 1ST
Papeete Black Pearls batting - Pitching for Suva Red Sox : RHP Micah Ropati
Pitching: RHP Micah Ropati
Batting: LHB Frédéric Wema 0-0: Ball
1-0: Called Strike
1-1: SINGLE (Groundball, 34D, EV 98.8 MPH)
Batting: RHB Jérôme Lakafia 0-0: Called Strike
0-1: Ball
1-1: Foul Ball, location: 5F
1-2: Strikes out swinging
Batting: LHB Rodney Ve'ehala 0-0: Called Strike
0-1: Foul Ball, location: 7LDF
0-2: Fly out, F8 (Flyball, 78S, EV 92.5 MPH)
Batting: RHB Max Moananu 0-0: Swinging Strike
0-1: Ball
1-1: Ball
2-1: Called Strike
Frédéric Wema is caught stealing 2nd base 2-4
Top of the 1st over - 0 runs, 1 hit, 0 errors, 0 left on base; Papeete 0 - Suva 0
BOTTOM OF THE 1ST
Suva Red Sox batting - Pitching for Papeete Black Pearls : LHP Christophe Gooding
Pitching: LHP Christophe Gooding
Batting: RHB Elliot Vaenuku 0-0: Foul Ball, location: 2F
0-1: Foul Ball, location: 7LSF
0-2: Foul Ball, location: 5FF
0-2: Ball
1-2: Ball
2-2: Fly out, F7 (Flyball, 7, EV 93.1 MPH)
Batting: RHB Naibuka Mataitini 0-0: Foul Ball, location: 2F
0-1: Ball
1-1: Ground out 4-3 (Groundball, 4, EV 108.8 MPH)
Batting: RHB Raphael Pritchard 0-0: Ball
1-0: Called Strike
1-1: Ball
2-1: Called Strike
2-2: Strikes out swinging
Bottom of the 1st over - 0 runs, 0 hits, 0 errors, 0 left on base; Papeete 0 - Suva 0
TOP OF THE 2ND
Papeete Black Pearls batting - Pitching for Suva Red Sox : RHP Micah Ropati
Batting: RHB Max Moananu 0-0: Called Strike
0-1: Foul Ball, location: 9LSF
0-2: Ground out 6-3 (Groundball, 6, EV 96.3 MPH)
Batting: LHB Pascal Gaillard 0-0: Called Strike
0-1: Called Strike
0-2: Ball
1-2: Strikes out swinging
Batting: RHB Les William 0-0: Called Strike
0-1: Foul Ball, location: 9LDF
0-2: Strikes out looking
Top of the 2nd over - 0 runs, 0 hits, 0 errors, 0 left on base; Papeete 0 - Suva 0
BOTTOM OF THE 2ND
Suva Red Sox batting - Pitching for Papeete Black Pearls : LHP Christophe Gooding
Batting: RHB Vesivesi Seru 0-0: Called Strike
0-1: Ball
1-1: Ball
2-1: Ball
3-1: Base on Balls
Batting: LHB Alapati Satele 0-0: Ball
1-0: Fly out, F7 (Flyball, 7, EV 81.3 MPH)
Batting: RHB Teju Meka 0-0: Swinging Strike
0-1: Ball
1-1: Ball
2-1: Ball
3-1: Base on Balls
Vesivesi Seru to second
Batting: RHB Eugene Ropati 0-0: Ball
1-0: SINGLE (Line Drive, 9LS, EV 90.6 MPH)
Vesivesi Seru to third
Teju Meka to second
Batting: RHB François Putoa 0-0: Called Strike
0-1: Swinging Strike
0-2: DOUBLE (Line Drive, 9LM, EV 103.8 MPH)
Vesivesi Seru scores
Teju Meka scores
Eugene Ropati to third
Batting: LHB James Grantz 0-0: Called Strike
0-1: Ground out 3-1 (Groundball, 34, EV 80.0 MPH)
Eugene Ropati scores
François Putoa to third
Batting: RHB Elliot Vaenuku 0-0: Ball
1-0: Fly out, F9 (Flyball, 89D, EV 110.0 MPH)
Bottom of the 2nd over - 3 runs, 2 hits, 0 errors, 1 left on base; Papeete 0 - Suva 3
TOP OF THE 3RD
Papeete Black Pearls batting - Pitching for Suva Red Sox : RHP Micah Ropati
Batting: RHB Alexander Nadredre 0-0: Ground out 4-3 (Groundball, 4, EV 81.3 MPH)
Batting: RHB Jerry Dau 0-0: Ground out 5-3 (Groundball, 56, EV 104.4 MPH)
Batting: RHB Glen Gawi 0-0: Ball
1-0: Foul Ball, location: 2F
1-1: Ground out 5-3 (Groundball, 56S, EV 80.6 MPH)
Top of the 3rd over - 0 runs, 0 hits, 0 errors, 0 left on base; Papeete 0 - Suva 3
BOTTOM OF THE 3RD
Suva Red Sox batting - Pitching for Papeete Black Pearls : LHP Christophe Gooding
Batting: RHB Naibuka Mataitini 0-0: Foul Ball, location: 2F
0-1: Foul Ball, location: 3SF
0-2: Ball
1-2: Fly out, F4 (Popup, 34D, EV 65.6 MPH)
Batting: RHB Raphael Pritchard 0-0: DOUBLE (Line Drive, 8RXD, EV 101.3 MPH)
Batting: RHB Vesivesi Seru 0-0: Foul Ball, location: 2F
0-1: Ball
1-1: Foul Ball, location: 9LMF
1-2: SINGLE (Line Drive, 9LM, EV 95.6 MPH)
Raphael Pritchard to third
Batting: LHB Alapati Satele 0-0: Ball
1-0: Ball
2-0: Foul Ball, location: 3DF
2-1: SINGLE (Flyball, 78S, EV 93.8 MPH)
Raphael Pritchard scores
Vesivesi Seru to second
Batting: RHB Teju Meka 0-0: Called Strike
0-1: Grounds into double play, 5-4-3 (Groundball, 56, EV 87.5 MPH)
Bottom of the 3rd over - 1 run, 3 hits, 0 errors, 1 left on base; Papeete 0 - Suva 4
TOP OF THE 4TH
Papeete Black Pearls batting - Pitching for Suva Red Sox : RHP Micah Ropati
Batting: LHB Frédéric Wema 0-0: Called Strike
0-1: Ball
1-1: Foul Ball, location: 2F
1-2: Strikes out swinging
Batting: RHB Jérôme Lakafia 0-0: Ball
1-0: Ball
2-0: Called Strike
2-1: Foul Ball, location: 9LMF
2-2: Ground out 5-3 (Groundball, 56S, EV 67.5 MPH)
Batting: LHB Rodney Ve'ehala 0-0: Ground out U3 (Groundball, 34, EV 89.4 MPH)
Top of the 4th over - 0 runs, 0 hits, 0 errors, 0 left on base; Papeete 0 - Suva 4
BOTTOM OF THE 4TH
Suva Red Sox batting - Pitching for Papeete Black Pearls : LHP Christophe Gooding
Batting: RHB Eugene Ropati 0-0: Ball
1-0: Called Strike
1-1: Called Strike
1-2: Ground out U3 (Groundball, 34, EV 84.4 MPH)
Batting: RHB François Putoa 0-0: Called Strike
0-1: Ball
1-1: Ball
2-1: Called Strike
2-2: Ground out 4-3 (Groundball, 4M, EV 82.5 MPH)
Batting: LHB James Grantz 0-0: Swinging Strike
0-1: Fly out, F8 (Flyball, 8RXD, EV 101.9 MPH)
Bottom of the 4th over - 0 runs, 0 hits, 0 errors, 0 left on base; Papeete 0 - Suva 4
TOP OF THE 5TH
Papeete Black Pearls batting - Pitching for Suva Red Sox : RHP Micah Ropati
Batting: RHB Max Moananu 0-0: SINGLE (Groundball, 4D, EV 109.4 MPH)
Batting: LHB Pascal Gaillard 0-0: Called Strike
0-1: Foul Ball, location: 7LDF
0-2: Ball
1-2: Strikes out looking
Batting: RHB Les William 0-0: SINGLE (Groundball, 6MD, EV 100.6 MPH)
Max Moananu to second
Runner from 2nd tries for 3rd, SAFE, throw by CF made at trailing runner, OUT! 8-4
Batting: RHB Alexander Nadredre 0-0: Called Strike
0-1: Foul Ball, location: 3F
0-2: Ball
1-2: Ball
2-2: Foul Ball, location: 3FF
2-2: Ground out 4-3 (Groundball, 34, EV 98.8 MPH)
Top of the 5th over - 0 runs, 2 hits, 0 errors, 1 left on base; Papeete 0 - Suva 4
BOTTOM OF THE 5TH
Suva Red Sox batting - Pitching for Papeete Black Pearls : LHP Christophe Gooding
Batting: RHB Elliot Vaenuku 0-0: SINGLE (Line Drive, 4D, EV 98.1 MPH)
Batting: RHB Naibuka Mataitini 0-0: Ball
1-0: Fly out, F6 (Popup, 6D, EV 47.5 MPH)
Batting: RHB Raphael Pritchard 0-0: Ball
1-0: Ball
2-0: Swinging Strike
2-1: Foul Ball, location: 3DF
2-2: 2-RUN HOME RUN (Flyball, 7D, EV 105.0 MPH), Distance : 425 ft
Pitching: RHP Billy Jack
Batting: RHB Vesivesi Seru 0-0: Ground out 6-3 (Groundball, 6MD, EV 105.0 MPH)
Batting: LHB Alapati Satele 0-0: SOLO HOME RUN (Flyball, 7D, EV 102.5 MPH), Distance : 386 ft
Batting: RHB Teju Meka 0-0: Ball
1-0: Ball
2-0: Swinging Strike
2-1: Ball
3-1: Called Strike
3-2: Foul Ball, location: 23F
3-2: Fly out, F7 (Flyball, 7S, EV 85.6 MPH)
Bottom of the 5th over - 3 runs, 3 hits, 0 errors, 0 left on base; Papeete 0 - Suva 7
TOP OF THE 6TH
Papeete Black Pearls batting - Pitching for Suva Red Sox : RHP Micah Ropati
Batting: RHB Jerry Dau 0-0: Ball
1-0: Called Strike
1-1: Foul Ball, location: 5FF
1-2: SINGLE (Line Drive, 8RS, EV 98.1 MPH)
Batting: RHB Glen Gawi 0-0: Ball
1-0: Swinging Strike
1-1: Called Strike
1-2: Strikes out looking
Batting: LHB Frédéric Wema 0-0: Swinging Strike
0-1: Ball
1-1: Swinging Strike
1-2: Foul Ball, location: 3F
1-2: Ball
2-2: Strikes out swinging
Batting: RHB Jérôme Lakafia 0-0: Ball
1-0: Foul Ball, location: 25F
1-1: Ball
2-1: DOUBLE (Line Drive, 7LS, EV 80.6 MPH)
Jerry Dau to third
Batting: LHB Rodney Ve'ehala 0-0: Called Strike
0-1: Ground out 4-3 (Groundball, 4, EV 99.4 MPH)
Top of the 6th over - 0 runs, 2 hits, 0 errors, 2 left on base; Papeete 0 - Suva 7
BOTTOM OF THE 6TH
Suva Red Sox batting - Pitching for Papeete Black Pearls : RHP Billy Jack
Batting: RHB Eugene Ropati 0-0: Ball
1-0: Swinging Strike
1-1: Ball
2-1: Ball
3-1: Foul Ball, location: 25FF
3-2: Strikes out looking
Batting: RHB François Putoa 0-0: Called Strike
0-1: Ball
1-1: Swinging Strike
1-2: Fly out, F9 (Line Drive, 9S, EV 90.0 MPH)
Batting: LHB James Grantz 0-0: SOLO HOME RUN (Flyball, 89XD, EV 111.3 MPH), Distance : 452 ft
Batting: RHB Elliot Vaenuku 0-0: Ball
1-0: Ball
2-0: Fly out, F3 (Popup, 3S, EV 71.3 MPH)
Bottom of the 6th over - 1 run, 1 hit, 0 errors, 0 left on base; Papeete 0 - Suva 8
TOP OF THE 7TH
Papeete Black Pearls batting - Pitching for Suva Red Sox : RHP Micah Ropati
Batting: RHB Max Moananu 0-0: Called Strike
0-1: Foul Ball, location: 2F
0-2: Ground out 2-3 (Groundball, 2L, EV 65.0 MPH)
Batting: LHB Pascal Gaillard 0-0: Swinging Strike
0-1: Ball
1-1: Foul Ball, location: 23F
1-2: Ball
2-2: Strikes out looking
Batting: RHB Les William 0-0: Ground out 6-3 (Groundball, 6, EV 88.1 MPH)
Top of the 7th over - 0 runs, 0 hits, 0 errors, 0 left on base; Papeete 0 - Suva 8
BOTTOM OF THE 7TH
Suva Red Sox batting - Pitching for Papeete Black Pearls : RHP Billy Jack
Batting: RHB Naibuka Mataitini 0-0: Ball
1-0: Ball
2-0: Ball
3-0: Called Strike
3-1: Foul Ball, location: 7LMF
3-2: Ground out 6-3 (Groundball, 6M, EV 86.3 MPH)
Batting: RHB Raphael Pritchard 0-0: Ball
1-0: Swinging Strike
1-1: Foul Ball, location: 9LMF
1-2: Strikes out swinging
Batting: RHB Vesivesi Seru 0-0: Ball
1-0: Fly out, F8 (Flyball, 8RM, EV 93.1 MPH)
Bottom of the 7th over - 0 runs, 0 hits, 0 errors, 0 left on base; Papeete 0 - Suva 8
TOP OF THE 8TH
Papeete Black Pearls batting - Pitching for Suva Red Sox : RHP Micah Ropati
Batting: RHB Alexander Nadredre 0-0: Called Strike
0-1: Fly out, F9 (Flyball, 89D, EV 111.3 MPH)
Batting: RHB Jerry Dau 0-0: Called Strike
0-1: Swinging Strike
0-2: Ball
1-2: Foul Ball, location: 2F
1-2: Strikes out swinging
Pinch Hitting: LHB Sze Chien 0-0: Foul Ball, location: 7LDF
0-1: Ball
1-1: SINGLE (Groundball, 34D, EV 106.3 MPH)
Batting: LHB Frédéric Wema 0-0: Called Strike
0-1: SINGLE (Groundball, 34D, EV 109.4 MPH)
Sze Chien to second
Runner from 2nd tries for 3rd, SAFE, throw by RF made to third
Batting: RHB Jérôme Lakafia 0-0: Foul Ball, location: 2RF
0-1: Called Strike
0-2: Ball
1-2: Ball
2-2: Foul Ball, location: 2LF
2-2: Fielders Choice at 2nd, 6-4 (Groundball, 6, EV 84.4 MPH)
Top of the 8th over - 0 runs, 2 hits, 0 errors, 2 left on base; Papeete 0 - Suva 8
BOTTOM OF THE 8TH
Suva Red Sox batting - Pitching for Papeete Black Pearls : RHP Billy Jack
Now at SS: Mateo Tofa
Batting: LHB Alapati Satele 0-0: Foul Ball, location: 2F
0-1: Ground out 4-3 (Groundball, 4, EV 85.0 MPH)
Batting: RHB Teju Meka 0-0: Ball
1-0: Called Strike
1-1: Ball
2-1: Ground out 5-3 (Groundball, 56, EV 86.3 MPH)
Batting: RHB Eugene Ropati 0-0: Ground out 5-3 (Groundball, 56, EV 86.3 MPH)
Bottom of the 8th over - 0 runs, 0 hits, 0 errors, 0 left on base; Papeete 0 - Suva 8
TOP OF THE 9TH
Papeete Black Pearls batting - Pitching for Suva Red Sox : RHP Micah Ropati
Batting: LHB Rodney Ve'ehala 0-0: Ball
1-0: Swinging Strike
1-1: Ball
2-1: Ball
3-1: Ground out 4-3 (Groundball, 4, EV 90.0 MPH)
Batting: RHB Max Moananu 0-0: Called Strike
0-1: SOLO HOME RUN (Flyball, 7D, EV 105.6 MPH), Distance : 404 ft
Batting: LHB Pascal Gaillard 0-0: Ball
1-0: Ball
2-0: Fly out, F8 (Flyball, 8LM, EV 88.1 MPH)
Batting: RHB Les William 0-0: Called Strike
0-1: Fly out, F8 (Line Drive, 8RM, EV 85.6 MPH)
Top of the 9th over - 1 run, 1 hit, 0 errors, 0 left on base; Papeete 1 - Suva 8
Sunday, March 10th , 2024 - OOTP Baseball 24.9 Build 80